 Dungeon Crawl Stone Soup version 0.31-a0-446-g07c4bd200f (webtiles) character file.

Game seed: 1740971983092455806

18 Ethylacetat the Insei (level 2, -1/16 HPs)
             Began as a Vine Stalker Monk on Aug 3, 2023.
             Slain by an ogre
             ... wielding a +0 giant spiked club
              (15 damage)
             ... on level 2 of the Dungeon.
             The game lasted 00:00:39 (863 turns).

Ethylacetat the Insei (Vine Stalker Monk)            Turns: 863, Time: 00:00:39

Health: -1/16      AC:  4    Str: 13    XL:     2   Next: 66%
Magic:  0/4        EV: 12    Int: 10    God:
Gold:   99         SH:  0    Dex: 16    Spells: 2/2 levels left

rFire   . .          .
                       - Unarmed
rCold   . . .        c - orb {light}
rNeg    . . .        a - +0 robe
rPois   .            (no helmet)
rElec   .            (no cloak)
rCorr   .            j - +1 pair of gloves
SInv    .            (no boots)
Will    .....        (no amulet)
Stlth   +            (no ring)
HPRegen 0.22/turn    (no ring)
MPRegen 0.09/turn

%: guardian spirit
@: glowing
A: fangs 2, magic shield, antimagic bite, no potion heal 2
a: no special abilities


You were on level 2 of the Dungeon.
You visited 1 branch of the dungeon, and saw 2 of its levels.

You collected 99 gold pieces.

Inventory:

Armour
 a - a +0 robe (worn)
 c - an orb of light (worn)
 j - a +1 pair of gloves (worn)
Scrolls
 e - a scroll of fog {unknown}
 f - a scroll of noise {unknown}
 g - 2 scrolls of identify {unknown}
 k - a scroll of acquirement {unknown}
 l - a scroll of torment {unknown}
Potions
 b - a potion of ambrosia
 d - a potion of curing {unknown}
 h - a potion of heal wounds {unknown}
 i - a potion of cancellation {unknown}


   Skills:
 + Level 3.0 Fighting
 - Level 2.5 Dodging
 + Level 3.3 Unarmed Combat
 + Level 0.8 Spellcasting


You had 2 spell levels left.
You didn't know any spells.
Your spell library contained the following spells:

 Spells                   Type           Power      Damage    Failure   Level
 Ignite Poison            Fire/Tmut/Pois 0%         N/A       71%         3
 Ozocubu's Armour         Ice            0%         N/A       71%         3
 Airstrike                Air            0%         2d(0-16)  98%         4
 Freezing Cloud           Conj/Ice/Air   0%         6-21      100%        5
 Metabolic Englaciation   Hex/Ice        0%         N/A       100%        5
 Simulacrum               Ice/Necr       0%         N/A       100%        6


Dungeon Overview and Level Annotations

Branches:
Dungeon (2/15)

Altars:


Innate Abilities, Weirdness & Mutations

You have extremely sharp teeth.
When hurt, damage is shared between your health and your magic reserves.
Your bite disrupts and absorbs the magic of your enemies.
Potions cannot restore your health.


Message History

Magic restored.
g - 2 scrolls labelled VATHRY BOUDASS (gained 1)
k - a scroll labelled SOSIK NANOOLAW
l - a scroll labelled GATAAR WUESO EFOR
Found a stone staircase leading up.
You now have 99 gold pieces (gained 12).
An endoplasm comes into view.
You hit the endoplasm.
The endoplasm is heavily wounded.
The endoplasm hits you.
An endoplasm is nearby!
You hit the endoplasm.
You kill the endoplasm!
Key pressed, stopping explore.
No target in view!
No target in view!
Found a buckler.
No target in view!
Found a stone staircase leading down.
Found a stone staircase leading up.
You see here a +0 buckler.
No target in view!
An ogre comes into view. It is wielding a +0 giant spiked club.
You hit the ogre but do no damage. The ogre closely misses you.
You hit the ogre.
The ogre is lightly wounded.
You hit the ogre. You bite the ogre, but do no damage.
The ogre is lightly wounded.
The ogre hits you with a +0 giant spiked club.
You completely miss the ogre. You bite the ogre. You drain its power.
You feel invigorated.
The ogre is moderately wounded.
The ogre misses you.
You hit the ogre but do no damage. You bite the ogre. You drain its power.
The ogre is moderately wounded.
You hit the ogre but do no damage. You bite the ogre. You drain its power.
The ogre is moderately wounded.
The ogre hits you with a +0 giant spiked club!!
Ouch! That really hurt!
You die...

###############
#.............####
#.###########....#
#.# #..### #.#
####.# #.# #....#
###.##### #@####
#<.....># #O#
###[.##.# #.#
#.....#.# #.#
####....# ..#
#.......# ###
#.......##.#
#..........#
#.##.#######


You could see an ogre.

Vanquished Creatures
  An adder (D:2)
  2 endoplasms (D:2)
  A giant cockroach (D:2)
  A ball python (D:1)
  A bat (D:1)
  A frilled lizard (D:1)
  A goblin (D:2)
  A kobold (D:1)
  2 rats (D:1)
11 creatures vanquished.

Notes
Turn   | Place    | Note
-------+----------+-------------------------------------------
     0 | D:1      | Ethylacetat the Vine Stalker Monk began the quest for the
                  | Orb.
     0 | D:1      | Reached XP level 1. HP: 11/11 MP: 2/2
   676 | D:2      | Got Omekh's Catalogue of Haze and the Queen Bee
   705 | D:2      | Reached XP level 2. HP: 16/16 MP: 3/3
   856 | D:2      | Noticed an ogre
   863 | D:2      | Slain by an ogre

Illustrated notes

Levels and vault maps discovered:
D:1:      dpeg_arrival_rooms_a, layout_loops_ring, minivault_19
D:2:      layout_basic, hellmonk_ecumenical_altar_arch_garden,
          uniq_crazy_yiuf_cottage

Skill      XL: |  1  2 |
---------------+-------+-----
Fighting       | 3 |  3.0
Dodging        | |  2.5
Unarmed Combat | |  3.3
Spellcasting   | |  0.8

Action                     || total
---------------------------++-------
  Melee: Unarmed           ||    29
         Bite              ||     8
 Armour: Robe              ||     2
  Dodge: Dodged            ||     7

Table legend: (Time is in decaauts)
 A = Elapsed time spent in this place.
 B = Non-inter-level travel time spent in this place.
 C = Inter-level travel time spent in this place.
 D = Time resting spent in this place.
 E = Time spent auto-exploring this place.
 F = Levels seen in this place.
 G = Mean time per level.
                   A        B        C        D        E       F      G
               +--------+--------+--------+--------+--------+-----+--------+
         Total |    861 |    845 |     16 |      0 |    754 |   2 |  430.5 |
       Dungeon |    861 |    845 |     16 |      0 |    754 |   2 |  430.5 |
               +--------+--------+--------+--------+--------+-----+--------+

Top non-repeatable levels by time:
     D:1: 661 daAuts
     D:2: 200 daAuts
